 Dungeon Crawl Stone Soup version 0.29.0-5-ge4962eb29e (webtiles) character file.

Game seed: 11401283757712478505

104 Sobieck the Ruffian (level 4, 0/23 HPs)
             Began as a Vine Stalker Fighter on Aug 28, 2022.
             Slain by a mummy (4 damage)
             ... on level 4 of the Dungeon.
             The game lasted 00:04:45 (3179 turns).

Sobieck the Ruffian (Vine Stalker Fighter)          Turns: 3179, Time: 00:04:46

Health: 0/23       AC:  6    Str: 19    XL:     4   Next: 80%
Magic:  0/14       EV:  9    Int: 10    God:
Gold:   207        SH:  4    Dex: 13    Spells: 3/3 levels left

rFire   . . .      SeeInvis .     - Unarmed
rCold   . . .      Faith    .   u - +0 buckler
rNeg    . . .      Spirit   +   a - +0 scale mail
rPois   .          Reflect  .   (no helmet)
rElec   .          Harm     .   (no cloak)
rCorr   .          Rampage  .   (no gloves)
Will    .....                   (no boots)
Stlth   ..........              (no amulet)
HPRegen 0.87/turn               o - ring of magical power
MPRegen 0.14/turn               (no ring)

@: no status effects
A: fangs 2, regeneration 1, magic shield, antimagic bite, no potion heal 2
a: no special abilities


You were on level 4 of the Dungeon.
You visited 2 branches of the dungeon, and saw 5 of its levels.
You also visited: Ossuary.

You collected 218 gold pieces.
You spent 11 gold pieces at shops.


Innate Abilities, Weirdness & Mutations

You have extremely sharp teeth.
Your natural rate of healing is unusually fast.
When hurt, damage is shared between your health and your magic reserves.
Your bite disrupts and absorbs the magic of your enemies.
Potions cannot restore your health.


   Skills:
 - Level 2.6 Fighting
 - Level 2.4 Armour
 - Level 2.6 Shields
 + Level 4.8 Unarmed Combat


You had 3 spell levels left.
You didn't know any spells.
Your spell library was empty.

Inventory:

Hand Weapons
 b - a +1 sling
   (You found it on level 3 of the Dungeon)
 g - a +0 trident {polearm}
   (You found it on level 1 of the Dungeon)
 h - a +0 dagger {short}
   (You took it off a goblin on level 1 of the Dungeon)
Missiles
 f - 6 boomerangs (quivered) {throwing}
 j - 29 stones {throwing}
Armour
 a - a +0 scale mail (worn)
 d - a +0 chain mail
   (You found it on level 4 of the Dungeon)
 m - a +0 robe
   (You found it on level 1 of the Dungeon)
 n - a +0 ring mail
   (You found it on level 1 of the Dungeon)
 q - a +0 ring mail
   (You found it on level 2 of the Dungeon)
 r - a +0 ring mail
   (You found it on level 2 of the Dungeon)
 t - a +0 leather armour
   (You found it on level 2 of the Dungeon)
 u - a +0 buckler (worn)
Jewellery
 o - a ring of magical power (left hand)
   (You found it on level 1 of the Dungeon)
Wands
 w - a wand of flame (21)
   (You found it on level 3 of the Dungeon)
Scrolls
 k - 3 scrolls of teleportation {@r4}
 p - 2 scrolls of blinking {!r}
 s - a scroll of enchant armour {unknown}
Potions
 c - a potion of might
 i - a potion of brilliance
 v - 2 potions of curing {@q1}

Dungeon Overview and Level Annotations

Branches:
Dungeon (4/15) Zot: 20967  Temple (1/1) D:4 Zot: 5861 Ossuary (visited)

Altars:
Sif Muna
Lugonu

Shops:
D:1 !

Portals:
Abyss: Temple

*~~~~~**,*,********,,,*
~,,,,,~~,,,* #...#
~,,,,,~~,*** #...#
~,,∩,,~~,* #...#
~,,~,,~~,****### #...#
~,,,,,~~,,,,##8## #...#
*~~,~~**,,,,#...# #...#
*~~,~~**,,,,#..M###...#
,,,,,,,~,,,,#.MM@.∩...#
***,,**,,**,#...###...#
**,,,,,,*,,,#...# #...#
,,,,***#...*##8## #...#
,,,,####...# ### #...#
*,*,,......# #...#
*,,,**#...!#* #...#
*,,** #.....* #.).#
..,* *#...########...#


You could see 3 mummies.


Message History

The dart slug bites you but does no damage.
You hit the dart slug.
You kill the dart slug!
No target in view!
There is a dry fountain here.
There is a staircase to the Ecumenical Temple here.
You climb downwards.
Welcome to the Ecumenical Temple!
Found three corrupted altars of Lugonu.
There is a staircase back to the Dungeon here.
Unknown command.
Unknown command.
Found a one-way gate to the infinite horrors of the Abyss.
Found a corrupted altar of Lugonu.
Unknown command.
Unknown command.
Unknown command.
Found a corrupted altar of Lugonu.
Unknown command.
Found a corrupted altar of Lugonu.
Unknown command.
Found a corrupted altar of Lugonu.
Unknown command.
Found a corrupted altar of Lugonu.
Unknown command.
Found a corrupted altar of Lugonu.
Unknown command.
There is a corrupted altar of Lugonu here.
Done exploring.
Unknown command.
There is a staircase back to the Dungeon here.
You climb upwards.
Welcome back to the Dungeon!
You hear the sound of rushing water.
There is an entrance to a sewer on this level.
Hurry and find it before the portal rusts away!
You hear the hiss of flowing sand.
There is an entrance to an ossuary on this level.
Hurry and find it before the portal is buried!
You hear the rusting of a distant drain.
You hear the hiss of an avalanche of sand nearby.
There is a staircase to the Ecumenical Temple here.
Unknown command.
Unknown command.
d - a +0 chain mail Unknown command.
There is a fountain of clear blue water here.
A kobold comes into view. It is wielding a +0 whip.
The kobold shouts!
Danger!
The kobold hits you but does no damage.
You hit the kobold. The kobold barely misses you.
You barely miss the kobold. The kobold hits you but does no damage.
You hit the kobold but do no damage. You punch the kobold!
You kill the kobold!
No target in view!
No target in view!
Things that are here:
a +0 whip {mace}; a kobold corpse
Found a sand-covered staircase.
There is an empty arch of ancient stone here.
There is a sand-covered staircase here.
The world spins around you as you enter the gateway.
You enter an ossuary!
Found a gate leading back out of this place.
There is an empty arch of ancient stone here.
Danger!
There is a gate leading back out of this place here.
Unknown command.
Throw: 6 boomerangs {throwing}
Press: ? - help, Q - select action, (/) - cycle Shift-Dir - straight line, f - mummy
Aim: a mummy (73% to hit)
You throw a boomerang {throwing}.
The boomerang {throwing} closely misses the mummy.
Throw: 6 boomerangs {throwing}
Press: ? - help, Q - select action, (/) - cycle Shift-Dir - straight line, f/p - mummy
Aim: a mummy (73% to hit)
You throw a boomerang {throwing}.
The boomerang {throwing} hits the mummy but does no damage.
Unknown command.
You hit the mummy. The mummy hits you but does no damage. The mummy hits you!
The mummy closely misses you.
You hit the mummy. You bite the mummy. You drain its power.
You feel invigorated.
Unknown command.
You hit the mummy. Your bite misses the mummy. The mummy hits you!
* * * LOW HITPOINT WARNING * * *
The mummy hits you!
* * * LOW HITPOINT WARNING * * *
The mummy barely misses you.
Unknown command.
You block the mummy's attack.
Welcome back to the Dungeon!
You hear the sound of rushing water.
There is an entrance to a sewer on this level.
Hurry and find it before the portal rusts away!
You hear the brisk rusting of a drain very nearby.
There is a collapsed entrance here.
Unknown command.
The mummy hits you.
* * * LOW HITPOINT WARNING * * *
Unknown command.
The mummy hits you.
You die...

Skill      XL: |  1  2  3 |
---------------+----------+-----
Unarmed Combat | 3 4 |  4.8
Fighting       | |  2.6
Armour         | |  2.4
Shields        | |  2.6

Action                   |  1- 3 |  4- 6 || total
-------------------------+-------+-------++-------
Melee: Unarmed           |    90 |    42 ||   132
       Bite              |    21 |    10 ||    31
 Fire: Sling             |    17 |    12 ||    29
Throw: Boomerang         |       |     2 ||     2
  Use: Scroll            |       |     6 ||     6
Armor: Scale mail        |    32 |    18 ||    50
Dodge: Dodged            |    30 |    10 ||    40
Block: Buckler           |    23 |    10 ||    33

Levels and vault maps discovered:
D:1:      zelgadis_glass_arrival_small, layout_loops_ring, serial_aquarium,
          aquarium_bridge_straight [aquarium_subvault_bridge,
          aquarium_subvault_window, aquarium_subvault_bridge,
          aquarium_subvault_window], aquarium_window_2, aquarium_window_fake,
          aquarium_window_double, aquarium_window_1, aquarium_view_2d,
          aquarium_view_2d, ebering_ecumenical_altar_petrified, serial_shops,
          shop
D:2:      layout_basic
D:3:      layout_loops_ring, led_sif_pool
D:4:      kennysheep_kobold_camp, layout_rooms,
          grunt_temple_overflow_gold_and_silver, minmay_temple_entry_junction,
          chequers_ossuary_entry_cave, cheibrodos_sewer_entry_sluice,
          serial_bayou_lagoon_a, hangedman_abyss_or_decor_stabs,
          minmay_tree_intersection, minivault_24, minmay_ogre_servants,
          uniq_ijyb
Temple:   nicolae_temple_total_abyssal_victory

Notes
Turn   | Place    | Note
-------+----------+-------------------------------------------
     0 | D:1      | Sobieck the Vine Stalker Fighter began the quest for the
                  | Orb.
     0 | D:1      | Reached XP level 1. HP: 11/11 MP: 2/2
   155 | D:1      | Reached XP level 2. HP: 8/16 MP: 3/3
   337 | D:1      | Reached skill level 3 in Unarmed Combat
   747 | D:1      | Found a faded altar of an unknown god.
   751 | D:1      | Reached XP level 3. HP: 19/19 MP: 4/4
  1096 | D:1      | Found Yptu's Distillery.
  1102 | D:1      | Bought a potion of degeneration for 11 gold pieces
  2261 | D:3      | Reached skill level 4 in Unarmed Combat
  2459 | D:2      | Gained mutation: Your natural rate of healing is unusually
                  | fast. [Vine Stalker growth]
  2459 | D:2      | Reached XP level 4. HP: 12/23 MP: 5/5
  2813 | D:3      | Found a shimmering blue altar of Sif Muna.
  2972 | D:4      | Found a staircase to the Ecumenical Temple.
  2987 | Temple   | Entered the Ecumenical Temple
  2990 | Temple   | Found a one-way gate to the infinite horrors of the Abyss.
  3157 | D:4      | Found a sand-covered staircase.
  3165 | Ossuary  | Entered an ossuary
  3175 | Ossuary  | HP: 3/23 [mummy (4)]
  3179 | D:4      | Slain by a mummy

Vanquished Creatures
  3 gnolls
  An adder (D:4)
  A worm (D:3)
  3 dart slugs
  An orc (D:4)
  3 ball pythons
  6 endoplasms
  2 giant cockroaches
  6 goblins
  3 hobgoblins
  3 jackals (D:1)
  7 kobolds
  2 quokkas
  4 bats
  3 frilled lizards
  5 rats
53 creatures vanquished.

Vanquished Creatures (others)
  9 plants (D:4)
9 creatures vanquished.

Grand Total: 62 creatures vanquished

Table legend:
 A = Non-vault XP
 B = Vault XP
 C = Vault XP percentage of total XP
 D = Non-vault monster count
 E = Vault monster count
 F = Vault count percentage of total count
                 A         B        C        D         E       F
            +---------+---------+-------+---------+---------+-------
      Total |     149 |       0 |   0.0 |      53 |       0 |   0.0
            +---------+---------+-------+---------+---------+-------
        D:1 |      48 |       0 |   0.0 |      25 |       0 |   0.0
        D:2 |      38 |       0 |   0.0 |       9 |       0 |   0.0
        D:3 |      37 |       0 |   0.0 |      13 |       0 |   0.0
        D:4 |      26 |       0 |   0.0 |       6 |       0 |   0.0
            +---------+---------+-------+---------+---------+-------

Illustrated notes

Table legend:
 A = Kills in this place as a percentage of kills in entire the game.
 B = Kills by you in this place as a percentage of kills by you in the entire game.
 C = Kills by friends in this place as a percentage of kills by friends in the entire game.
 D = Other kills in this place as a percentage of other kills in the entire game.
 E = Experience gained in this place as a percentage of experience gained in the entire game.
 F = Experience gained in this place divided by the number of levels of this place that you have seen.
                   A       B       C       D       E      F
               +-------+-------+-------+-------+-------+----------------------
         Total | 100.0 | 100.0 |   N/A |   N/A | 100.0 |  24.8
       Dungeon | 100.0 | 100.0 |   N/A |   N/A | 100.0 |  37.2
               +-------+-------+-------+-------+-------+----------------------

Table legend: (Time is in decaauts)
 A = Elapsed time spent in this place.
 B = Non-inter-level travel time spent in this place.
 C = Inter-level travel time spent in this place.
 D = Time resting spent in this place.
 E = Time spent auto-exploring this place.
 F = Levels seen in this place.
 G = Mean time per level.
                   A        B        C        D        E       F      G
               +--------+--------+--------+--------+--------+-----+--------+
         Total |   3182 |   3021 |    161 |     43 |   2502 |   6 |  530.3 |
       Dungeon |   3031 |   2884 |    147 |     43 |   2394 |   4 |  757.8 |
        Temple |    138 |    124 |     14 |      0 |    108 |   1 |  138.0 |
       Ossuary |     12 |     12 |      0 |      0 |      0 |   1 |   12.0 |
               +--------+--------+--------+--------+--------+-----+--------+

Top non-repeatable levels by time:
     D:1: 1130 daAuts
     D:2: 995 daAuts
     D:3: 805 daAuts
  Temple: 138 daAuts
     D:4: 100 daAuts
 Ossuary: 12 daAuts
